 Dungeon Crawl Stone Soup version 0.21.1-1-g345015f (webtiles) character file.

877 Kagorn the Skirmisher (level 7, 0/91 HPs)
             Began as a Red Draconian Fighter on June 9, 2018.
             Slain by a slave (1 damage)
             ... led by Pikel
             ... on level 5 of the Dungeon.
             The game lasted 00:31:50 (4665 turns).

Kagorn the Skirmisher (Red Draconian Fighter)       Turns: 4665, Time: 00:31:51

Health: 0/91       AC:  7    Str: 27    XL:     7   Next: 75%
Magic:  8/8        EV: 12    Int:  8    God:
Gold:   213        SH: 10    Dex: 13    Spells: 6/6 levels left

rFire    + . .     SeeInvis .   w - +1 dagger (speed)
rCold    . . .     Gourm    .   b - +0 shield
rNeg     . . .     Faith    .   (armour unavailable)
rPois    .         Spirit   .   (helmet restricted)
rElec    .         Reflect  .   (no cloak)
rCorr    .         Harm     .   o - +0 pair of gloves
MR       .....                  (no boots)
Stlth    ..........             (no amulet)
HPRegen  0.25/turn              i - ring of flight
MPRegen  0.11/turn              l - +4 ring of strength

@: berserking, very quick
A: breathe fire, unfitting armour, fire resistance 1, cold-blooded, AC +6
a: Breathe Fire, Evoke Flight


You were on level 5 of the Dungeon.
You were not hungry.

You visited 1 branch of the dungeon, and saw 5 of its levels.

You collected 213 gold pieces.

Inventory:

Hand Weapons
 a - a +0 long sword
 g - a +4 mace
 j - a +0 great mace
 w - a +1 dagger of speed (weapon)
Missiles
 x - 5 silver tomahawks (quivered)
Armour
 b - a +0 shield (worn)
 o - a +0 pair of gloves (worn)
Jewellery
 i - a ring of flight (left hand)
 l - a +4 ring of strength (right hand)
 n - an uncursed ring of positive energy
 v - an uncursed ring of protection from fire
Wands
 s - a wand of flame (42)
Scrolls
 e - a scroll of fear {unknown}
 f - 5 scrolls of identify
 r - a scroll of remove curse
Potions
 h - a potion of heal wounds {unknown}
 k - a potion of curing {unknown}
 m - a potion of invisibility {unknown}
 p - a potion of flight {unknown}
 q - a potion of agility {unknown}
 u - a potion of haste {unknown}
Comestibles
 d - 2 rations


   Skills:
 + Level 5.0 Fighting
 * Level 2.4(3.5) Short Blades
 + Level 3.9(4.3) Long Blades
 + Level 4.1 Dodging
 + Level 3.1 Stealth
 + Level 4.6 Shields
 * Level 2.5 Evocations


You had 6 spell levels left.
You didn't know any spells.

Dungeon Overview and Level Annotations

Branches:
Dungeon (5/15)
 Temple: D:4-7

Altars:

Annotations:
D:5 Pikel


Innate Abilities, Weirdness & Mutations

You can breathe blasts of fire.
Your fiery red scales are hard. (AC +6)
You cannot fit into any form of body armour.
Your flesh is heat resistant. (rF+)
You are cold-blooded and may be slowed by cold attacks.


Message History

You closely miss Pikel. You tail-slap Pikel.
Pikel is lightly wounded.
The slave hits you.
* * * LOW HITPOINT WARNING * * *
You block the slave's attack.
You hit Pikel.
Your tail-slap misses Pikel.
Pikel is lightly wounded.
You block the slave's attack. x2; Pikel hits you with a whip of flaming.
* * * LOW HITPOINT WARNING * * *
The slave hits you.
* * * LOW HITPOINT WARNING * * *
The slave hits you!
* * * LOW HITPOINT WARNING * * *
You hit Pikel but do no damage.
Pikel is lightly wounded.
It was a potion of berserk rage.
A red film seems to cover your vision as you go berserk!
You feel yourself moving faster!
You feel mighty! You block the slave's attack. The slave hits you.
You die...

#.. .... ##.. ..# ....
##... #.# #.... .....#
#.### #..... .###..##
#...####......
.......####.............
......#.................
.....##..###....pp.....#
###.# #..# ##..p@K......
##..# #.## #...p........
#..## #.# #............
....###.## #...>.###.##.
####...#.###.##..# # #
##.###......... ## #.#
##..###.... .# #.# ##.#
##..## .# ..# ##


You could see Pikel and 4 slaves.

Vanquished Creatures
  The ghost of inc the Blocker, a novice FoFi of Cheibriados (D:4)
  The ghost of diana the Ducker, an amateur TeGl (D:3)
  A hound (D:4)
  2 orc priests (D:4)
  A bullfrog skeleton (D:4)
  3 orc wizards (D:4)
  Jessica (D:2)
  A worker ant (D:4)
  A hound skeleton (D:4)
  A worker ant zombie (D:5)
  5 adders
  2 oozes
  A worm (D:3)
  2 dart slugs
  2 leopard geckos (D:4)
  15 orcs (D:4)
  2 ball pythons (D:3)
  2 giant cockroaches (D:1)
  4 goblins
  4 hobgoblins
  5 kobolds
  2 quokkas
  5 bats
  4 frilled lizards
  A quokka skeleton (D:4)
  12 rats
81 creatures vanquished.

Notes
Turn   | Place    | Note
-------+----------+-------------------------------------------
     0 | D:1      | Kagorn the Draconian Fighter began the quest for the Orb.
     0 | D:1      | Reached XP level 1. HP: 19/19 MP: 1/1
    36 | D:1      | Reached XP level 2. HP: 22/26 MP: 2/2
   913 | D:2      | Reached XP level 3. HP: 31/33 MP: 3/3
  1067 | D:2      | Noticed Jessica
  1260 | D:2      | Killed Jessica
  1260 | D:2      | Reached skill level 1 in Stealth
  1260 | D:2      | Reached XP level 4. HP: 27/40 MP: 4/4
  1518 | D:2      | Reached skill level 4 in Fighting
  1866 | D:3      | Noticed diana's ghost (amateur TeGl)
  2112 | D:3      | Killed diana's ghost
  2112 | D:3      | Reached XP level 5. HP: 20/46 MP: 5/5
  2597 | D:4      | Reached XP level 6. HP: 33/53 MP: 6/6
  2630 | D:4      | HP: 1/53 [orc/hand axe (3)]
  3207 | D:4      | Noticed inc's ghost (novice FoFi)
  3945 | D:4      | Killed inc's ghost
  3945 | D:4      | Reached skill level 5 in Fighting
  3945 | D:4      | Your scales start taking on a fiery red colour.
  3945 | D:4      | Reached XP level 7. HP: 35/61 MP: 6/8
  3945 | D:4      | Gained mutation: Your flesh is heat resistant. (rF+) [Red Draconian growth]
  4507 | D:5      | Entered Level 5 of the Dungeon
  4623 | D:5      | Noticed Pikel
  4663 | D:5      | HP: 1/61 [slave[Pikel] (8)]
  4665 | D:5      | Slain by a slave

Skill      XL: |  1  2  3  4  5  6 |
---------------+-------------------+-----
Dodging        | 3 4 |  4.1
Stealth        | 1 2 3 |  3.1
Fighting       | 4 5 |  5.0
Long Blades    | 3 |  3.9
Shields        | 4 |  4.6
Short Blades   | 2 |  2.4
Evocations     | 2 |  2.5

Action                   |  1- 3 |  4- 6 |  7- 9 || total
-------------------------+-------+-------+-------++-------
Melee: Long sword        |    74 |    90 |       ||   164
       Tailslap          |    10 |    43 |    18 ||    71
       Dagger            |       |   161 |    70 ||   231
  Use: Potion            |     1 |     1 |     1 ||     3
       Scroll            |       |     6 |       ||     6
 Stab: Sleeping          |     2 |     1 |       ||     3
  Eat: Ration            |     1 |     2 |     1 ||     4
Armor: Skin              |    37 |    36 |    12 ||    85
Dodge: Dodged            |    42 |    79 |    23 ||   144
Block: Shield            |    54 |   118 |    36 ||   208
       Rpst.: Long sword |    15 |    10 |       ||    25
